 Dungeon Crawl Stone Soup version 0.26-a0-665-gefeb406119 (webtiles) character file.

Game seed: 5886858901366973635

63 grandjackal the Ducker (level 3, 0/28 HPs)
             Began as a Demonspawn Gladiator on Oct 15, 2020.
             Succumbed to an adder's poison
             ... on level 2 of the Dungeon.
             The game lasted 00:01:20 (1154 turns).

grandjackal the Ducker (Demonspawn Gladiator)       Turns: 1154, Time: 00:01:21

Health: 0/28       AC:  4    Str: 15    XL:     3   Next: 87%
Magic:  3/3        EV: 13    Int:  9    God:
Gold:   15         SH:  0    Dex: 14    Spells: 2/2 levels left

rFire    . . .     SeeInvis .   a - +0 long sword
rCold    . . .     Faith    .   (no shield)
rNeg     . . .     Spirit   .   b - +0 leather armour
rPois    .         Reflect  .   c - +0 helmet
rElec    .         Harm     .   (no cloak)
rCorr    .         Rampage  .   (no gloves)
MR       .....                  (no boots)
Stlth    +.........             (no amulet)
HPRegen  0.09/turn              (no ring)
MPRegen  0.08/turn              (no ring)

@: lethally poisoned (0 -> -1), stab, slowed, very slow
A: spiny 1
a: no special abilities


You were on level 2 of the Dungeon.
You visited 1 branch of the dungeon, and saw 2 of its levels.

You collected 15 gold pieces.

Inventory:

Hand Weapons
 a - a +0 long sword (weapon)
 h - a +0 dagger of speed
Missiles
 d - 3 throwing nets (quivered)
Armour
 b - a +0 leather armour (worn)
 c - a +0 helmet (worn)
Scrolls
 e - a scroll of identify {unknown}
 g - a scroll of magic mapping {unknown}


   Skills:
 + Level 2.9 Fighting
 + Level 3.3 Long Blades
 - Level 1.7 Throwing
 + Level 3.3 Dodging


You had 2 spell levels left.
You didn't know any spells.
Your spell library was empty.

Dungeon Overview and Level Annotations

Branches:
Dungeon (2/15)

Altars:


Innate Abilities, Weirdness & Mutations

You are partially covered in sharp spines.


Message History

Jessica closely misses you.
Jessica zaps a wand.
You resist with significant effort.
The now-empty wand crumbles to dust.
You barely miss Jessica.
* * * LOW HITPOINT WARNING * * *
You feel sick. Jessica barely misses you.
You riposte.
You barely miss Jessica. Jessica closely misses you.
Jessica points at you and mumbles some strange words.
You resist with some effort.
Unknown command.
You slash Jessica!
Jessica is almost dead.
Jessica is struck by your spines.
You kill Jessica!
Unknown command.
* * * LOW HITPOINT WARNING * * *
You feel sick.
Things that are here:
a +4 vampiric dagger; a +0 robe
Okay, then.
You die...

#. #.### #.# ...##
#.###...#### ###
#.##........
#####.####.###.......
............†.<#####
##..........##.#
#.######).@...(#.#.##.#
#...†.................#
######.#.....(.#.#.##.#
.......†.(........##.#
#####................#
######.########### ###


There were no monsters in sight!

Vanquished Creatures
  Jessica (D:2)
  An adder (D:2)
  4 goblins (D:1)
  5 hobgoblins (D:1)
  2 quokkas (D:2)
  2 bats (D:1)
  3 frilled lizards (D:1)
  5 kobolds
  6 rats
29 creatures vanquished.

Notes
Turn   | Place    | Note
-------+----------+-------------------------------------------
     0 | D:1      | grandjackal the Demonspawn Gladiator began the quest for
                  | the Orb.
     0 | D:1      | Reached XP level 1. HP: 16/16 MP: 1/1
   513 | D:1      | Gained mutation: You are partially covered in sharp spines.
                  | [demonic ancestry]
   513 | D:1      | Reached XP level 2. HP: 22/22 MP: 2/2
  1142 | D:2      | Reached XP level 3. HP: 10/28 MP: 3/3
  1144 | D:2      | Noticed Jessica
  1150 | D:2      | HP: 1/28 [poisoned by an adder]
  1151 | D:2      | Killed Jessica
  1154 | D:2      | Succumbed to an adder's poison

Illustrated notes

Levels and vault maps discovered:
D:1:      dpeg_arrival_water_temple_mockup, layout_loops_ring
D:2:      layout_loops_ring, lemuel_blue_sif_altar, uniq_jessica, uniq_robin

Skill      XL: |  1  2 |
---------------+-------+-----
Long Blades    | 3 |  3.3
Dodging        | 3 |  3.3
Fighting       | |  2.9
Throwing       | |  1.7

Action                   || total
-------------------------++-------
Melee: Long sword        ||    72
  Use: Potion            ||     1
 Stab: Sleeping          ||     2
Armor: Leather armour    ||    17
Dodge: Dodged            ||    44
       Rpst.: Long sword ||    10

Table legend: (Time is in decaauts)
 A = Elapsed time spent in this place.
 B = Non-inter-level travel time spent in this place.
 C = Inter-level travel time spent in this place.
 D = Time resting spent in this place.
 E = Time spent auto-exploring this place.
 F = Levels seen in this place.
 G = Mean time per level.
                   A        B        C        D        E       F      G
               +--------+--------+--------+--------+--------+-----+--------+
         Total |   1176 |   1157 |     19 |    137 |    836 |   2 |  588.0 |
       Dungeon |   1176 |   1157 |     19 |    137 |    836 |   2 |  588.0 |
               +--------+--------+--------+--------+--------+-----+--------+

Top non-repeatable levels by time:
     D:1: 1112 daAuts
     D:2: 64 daAuts
